 Dungeon Sprint DCSS version 0.31-a0-214-gb37851dbb3 (webtiles) character file.

Game seed: 1857041401264914905

26852 dialectric the Ninja (level 13, -18/78 HPs)
             Began as a Spriggan Brigand on July 1, 2023.
             Was the Champion of Dithmenos.
             Killed by an exploding ball lightning (39 damage)
             ... in the Dungeon (Sprint I: "Red Sonja").
             The game lasted 00:16:29 (2247 turns).

dialectric the Ninja (Spriggan Brigand)             Turns: 2247, Time: 00:16:29

Health: -18/78     AC:  6    Str: 16      XL:     13   Next: 1%
Magic:  29/29      EV: 30    Int: 10 (11) God:    Dithmenos [******]
Gold:   2811       SH:  5    Dex: 22 (23) Spells: 34/34 levels left

rFire   + + +        n - +3 short sword (distort)
rCold   . . .        (no shield)
rNeg    . . .        b - +0 robe
rPois   .            o - +2 hat
rElec   .            F - +1 cloak {Stlth+}
rCorr   .            (gloves unavailable)
SInv    +            (boots unavailable)
Will    ++...        z - amulet "Qabiysu" {Reflect rF++ Str+3 SH+5} Stlth #*********
                     v - ring of Renuaf {rF+ Str+6 Dex+2 SInv}
HPRegen 0.33/turn    (no ring)
MPRegen 0.21/turn

%: no teleportation, reflection
@: brilliant, slowed, wreathed by umbra, quick
A: very small, no large weapons, unfitting armour, see invisible, speed 3,
deterioration 2, dopey 1
a: Renounce Religion, Shadow Step, Shadow Form


You were in the Dungeon.
You worshipped Dithmenos.
Dithmenos was exalted by your worship.
You visited 1 branch You collected 3726 gold pieces.
You spent 915 gold pieces at shops.

Inventory:

Hand Weapons
 a - a +2 dagger
 n - a +3 short sword of distortion (weapon)
Missiles
 d - 15 poisoned darts
 e - 7 curare-tipped darts (quivered)
 A - 7 stones
Armour
 b - a +0 robe (worn)
 c - a +0 cloak
 g - the +1 leather armour of the Fletcher {+Blink Regen+}
   (You found it in the Dungeon)

   +Blink:    It lets you blink.
   Regen:     It increases your rate of health regeneration.
 o - a +2 hat (worn)
 r - the +6 scale mail of Decompression {Contam Rampage Slay+5}
   (You found it in the Dungeon)

   Slay:      It affects your accuracy & damage with ranged weapons and melee
   (+5).
   Contam:    It causes magical contamination when unequipped.
   Rampage:   It bestows one free step when moving towards enemies.
 F - a +1 cloak of stealth (worn)
Magical Staves
 G - the staff of the Mashing Gods {rElec Will++ Int+3 Air}
   (You found it in the Dungeon)

   [staff of air]

   Base accuracy: +5 Base damage: 5 Base attack delay: 1.2 This weapon's minimum
   attack delay (0.6) is reached at skill level 12.
   Int:       It affects your intelligence (+3).
   rElec:     It insulates you from electricity.
   Air:       It increases the power of your Air spells.
   Will:      It greatly increases your willpower.
   It falls into the 'Staves' category.
   It is a two-handed weapon.
Jewellery
 v - the ring of Renuaf (left hand) {rF+ Str+6 Dex+2 SInv}
   (You found it in the Dungeon)

   [ring of strength]

   Str:       It affects your strength (+6).
   Dex:       It affects your dexterity (+2).
   rF:        It protects you from fire.
   SInv:      It lets you see invisible.
 z - the amulet "Qabiysu" (around neck) {Reflect rF++ Str+3 SH+5}
   (You bought it in a shop in the Dungeon)

   [amulet of reflection]

   It reflects blocked missile attacks.
   Str:       It affects your strength (+3).
   rF:        It greatly protects you from fire.
   SH:        It affects your SH (+5).
 C - the amulet of Elemental Vulnerability {rPois rF-- rC-- AC+8}
   (You found it in the Dungeon)

   [amulet of nothing]

   AC:        It affects your AC (+8).
   rF:        It makes you very vulnerable to fire.
   rC:        It makes you very vulnerable to cold.
   rPois:     It protects you from poison.
Wands
 p - a wand of quicksilver (4)
 t - a wand of flame (2)
 E - a wand of iceblast (8)
Scrolls
 j - a scroll of immolation {unknown}
 q - a scroll of enchant armour {unknown}
 s - a scroll of identify {unknown}
 u - a scroll of summoning {unknown}
 y - a scroll of fog {unknown}
Potions
 f - 3 potions of curing
 h - 3 potions of haste
 i - 2 potions of magic
 B - a potion of lignification {unknown}
 D - a potion of mutation {unknown}
Miscellaneous
 l - a phial of floods
 w - a piece from Xom's chessboard (15/15)


   Skills:
 + Level 13.7 Fighting
 + Level 21.1 Short Blades
 - Level 2.5 Throwing
 + Level 13.7 Dodging
 O Level 27 Stealth
 + Level 1.4 Shields
 * Level 11.4 Spellcasting
 + Level 4.6 Invocations
 - Level 7.0 Evocations


You had 34 spell levels left.
You didn't know any spells.
Your spell library contained the following spells:

 Spells                   Type           Power      Damage    Failure   Level
 Storm Form               Tmut/Air       4%         N/A       100%        7
 Maxwell's Capacitive Co  Air            4%         ∞         100%        8


Dungeon Overview and Level Annotations

Branches:
Dungeon (1/1)

Altars:
Cheibriados
Dithmenos
Elyvilon
Fedhas
Gozag
Hepliaklqana
Kikubaaqudgha
Makhleb
Nemelex Xobeh
Okawaru
Qazlal
Ru
Sif Muna
Trog
Uskayaw
Vehumet
Wu Jian
Xom
Yredelemnul
Zin
The Shining One
Jiyva
Lugonu

Shops:
D !=(:*[:??:(::[*[?!([[*

Annotations:
D exclusion: oklob plant, Lom Lobon, Tiamat


Innate Abilities, Weirdness & Mutations

You are very small and have problems with some larger weapons.
You are too small for most types of armour.
You have supernaturally acute eyesight. (SInv)
You cover ground extremely quickly. (Speed+++)
Your body often deteriorates upon taking damage.
You are dopey. (Int -2)


Message History

You float gracefully downwards.
Splash!
You fall into the shallow water.
Moving in this stuff is going to be slow.
Lom Lobon gestures.
Lom Lobon is healed.
The winds around Lom Lobon start to calm down.
Lom Lobon gestures.
Lom Lobon is healed.
Lom Lobon gestures.
Lom Lobon blinks!
Lom Lobon gestures.
Lom Lobon blinks!
Why would you want to do that?
Unknown command.
Lom Lobon gestures.
Lom Lobon blinks!
You completely miss Lom Lobon.
Lom Lobon is lightly wounded.
Your shadow misses Lom Lobon. You closely miss Lom Lobon.
Lom Lobon is lightly wounded.
Lom Lobon gestures.
Lom Lobon blinks!
Lom Lobon completely misses you.
You closely miss Lom Lobon.
Lom Lobon is lightly wounded.
Lom Lobon gestures. 3 ball lightnings come into view.
You hit Lom Lobon but do no damage.
Space warps horribly around Lom Lobon!!
Lom Lobon is moderately wounded.
The ball lightning explodes!
The blast of lightning engulfs the ball lightning.
The ball lightning completely resists.
The blast of lightning engulfs the ball lightning.
The ball lightning completely resists.
The blast of lightning engulfs Lom Lobon.
Lom Lobon completely resists.
The blast of lightning engulfs you!!!
Ouch! That really hurt!
You die...

#°○. #~~~~~########
°°°####~~~~#~~~~°#. .$#
°°°#..#'~~~'~~†~°'...°°#
^.°#...##~~#~~~~~#~~~.°#
°°°#....######'#####~~°#
°.°#....#~~≈≈≈≈≈≈≈≈##~~#
°°.#######~~~~≈≈≈*≈≈≈≈°#
.^.+§§#§§'..)~~~~*~~#≈≈#
^..#§§§§§#.....&@.~~~#
######################


You could see Lom Lobon (gusty) and 2 ball lightnings.

Vanquished Creatures
  the Lernaean hydra (D)
  A golden dragon (D)
  A deep elf master archer (D)
  A shadow dragon (D)
  4 fire giants (D)
  A deep elf annihilator (D)
  A hydra (D)
  2 centaur warriors (D)
  2 demonic crawlers (D)
  Sonja (D)
  A deep troll (D)
  A lindwurm (D)
  An oklob plant (D)
  8 shining eyes (D)
  2 merfolk sirens (D)
  A gargoyle (D)
  7 unseen horrors (D)
  2 kobold demonologists (D)
  A hellwing (D)
  A hornet (D)
  Sigmund (D)
  A yak (D)
  A slime creature (D)
  8 hogs (D)
  2 redbacks (D)
  7 floating eyes (D)
  An ogre (D)
  7 necrophages (D)
  8 jellies (D)
  Ijyb (D)
  A ballistomycete spore (D)
78 creatures vanquished.

Vanquished Creatures (others)
  A gargoyle (D)
  4 hornets (D)
  A ball lightning (D)
  A ballistomycete spore (D)
7 creatures vanquished.

Grand Total: 85 creatures vanquished

Notes
Turn   | Place    | Note
-------+----------+-------------------------------------------
     0 | D        | dialectric the Spriggan Brigand began the quest for the
                  | Orb.
     0 | D        | Reached XP level 1. HP: 10/10 MP: 2/2
     2 | D        | Noticed Ijyb
     4 | D        | Killed Ijyb
     5 | D        | Reached skill level 9 in Stealth
     5 | D        | Reached XP level 2. HP: 15/15 MP: 3/3
    11 | D        | Noticed an ogre
    16 | D        | Killed an ogre
    17 | D        | Reached skill level 12 in Stealth
    17 | D        | Reached XP level 3. HP: 19/19 MP: 4/4
    17 | D        | Reached XP level 4. HP: 23/23 MP: 5/5
    19 | D        | Noticed Sigmund
    21 | D        | Killed Sigmund
    22 | D        | Reached skill level 15 in Stealth
    22 | D        | Reached skill level 1 in Evocations
    22 | D        | Reached XP level 5. HP: 28/28 MP: 6/6
    46 | D        | Found a burning altar of Makhleb.
    46 | D        | Found a shimmering altar of Xom.
    46 | D        | Noticed a slime creature
    47 | D        | Found a viscous altar of Jiyva.
    47 | D        | Found a corrupted altar of Lugonu.
    49 | D        | Killed a slime creature
    50 | D        | Reached skill level 5 in Short Blades
    50 | D        | Reached skill level 17 in Stealth
    50 | D        | Reached XP level 6. HP: 32/32 MP: 7/7
    67 | D        | Found a shimmering blue altar of Sif Muna.
    68 | D        | Found an ornate altar of the Wu Jian Council.
    69 | D        | Found a radiant altar of Vehumet.
   102 | D        | Found Wisuq's Book Emporium.
   102 | D        | Found an ancient bone altar of Kikubaaqudgha.
   102 | D        | Found a hazy altar of Hepliaklqana.
   102 | D        | Found a hide-covered altar of Uskayaw.
   102 | D        | Found a basalt altar of Yredelemnul.
   102 | D        | Found an opulent altar of Gozag.
   102 | D        | Found a snail-covered altar of Cheibriados.
   102 | D        | Found a sacrificial altar of Ru.
   102 | D        | Found a shadowy altar of Dithmenos.
   102 | D        | Noticed a yak
   103 | D        | Found a stormy altar of Qazlal.
   103 | D        | Found a blossoming altar of Fedhas.
   103 | D        | Found a bloodstained altar of Trog.
   103 | D        | Found an iron altar of Okawaru.
   103 | D        | Found a glowing golden altar of the Shining One.
   103 | D        | Found a glowing silver altar of Zin.
   103 | D        | Found a white marble altar of Elyvilon.
   104 | D        | Killed a yak
   105 | D        | Reached skill level 19 in Stealth
   105 | D        | Reached XP level 7. HP: 37/37 MP: 8/8
   105 | D        | Found a sparkling altar of Nemelex Xobeh.
   111 | D        | Became a worshipper of Dithmenos the Shadowed
   121 | D        | Noticed Sonja
   126 | D        | Killed Sonja
   127 | D        | Reached skill level 21 in Stealth
   127 | D        | Reached XP level 8. HP: 42/42 MP: 9/9
   141 | D        | Noticed a deep troll
   145 | D        | Killed a deep troll
   146 | D        | Reached skill level 23 in Stealth
   159 | D        | Found Uxolar's Armour Emporium.
   198 | D        | Found Mutopual's Distillery.
   206 | D        | Bought a potion of curing for 36 gold pieces
   226 | D        | Noticed a centaur warrior
   226 | D        | Noticed a centaur warrior
   245 | D        | Killed a centaur warrior
   245 | D        | Reached * piety under Dithmenos
   246 | D        | Reached skill level 5 in Fighting
   246 | D        | Reached skill level 25 in Stealth
   246 | D        | Reached XP level 9. HP: 41/47 MP: 10/10
   249 | D        | Killed a centaur warrior
   250 | D        | Reached skill level 26 in Stealth
   250 | D        | Reached skill level 5 in Evocations
   298 | D        | Noticed a kobold demonologist
   299 | D        | Noticed a kobold demonologist
   301 | D        | Reached ** piety under Dithmenos
   302 | D        | Killed a kobold demonologist
   303 | D        | Noticed an orange demon
   311 | D        | Killed a kobold demonologist
   312 | D        | Reached skill level 27 in Stealth
   320 | D        | Noticed a demonic crawler
   320 | D        | Noticed a demonic crawler
   320 | D        | Noticed a demonic crawler
   320 | D        | Noticed a demonic crawler
   321 | D        | Banished a demonic crawler
   322 | D        | Reached XP level 10. HP: 30/53 MP: 11/11
   345 | D        | Noticed an oklob plant
   347 | D        | Killed an oklob plant
   353 | D        | Reached *** piety under Dithmenos
   386 | D        | Reached **** piety under Dithmenos
   404 | D        | Reached ***** piety under Dithmenos
   437 | D        | Found Picsut's Distillery.
   437 | D        | Found Koufiam's Antique Armour Emporium.
   437 | D        | Found Dugih's Antique Weapon Emporium.
   439 | D        | Found Foasum's Magic Scroll Boutique.
   439 | D        | Found Zacig's Armour Shoppe.
   439 | D        | Found Jilixuz's Assorted Antiques.
   439 | D        | Found Qaubroz's Armour Emporium.
   439 | D        | Found Noj Ejo's Book Boutique.
   439 | D        | Found Tafor's Book Shoppe.
   439 | D        | Found Xotseschi's Weapon Shop.
   465 | D        | Identified the +6 scale mail of Decompression {Contam
                  | Rampage Slay+5}
   466 | D        | Reached ****** piety under Dithmenos
   469 | D        | Identified the +1 leather armour of the Fletcher {+Blink
                  | Regen+}
   483 | D        | Found Gudoq's Magic Scroll Shoppe.
   483 | D        | Found Cunuiwuy's Book Shop.
   483 | D        | Found Jom Biul's Magic Scroll Boutique.
   485 | D        | Found Amme's Book Emporium.
   487 | D        | Bought a scroll of blinking for 75 gold pieces
   638 | D        | Noticed a lindwurm
   640 | D        | Killed a lindwurm
   668 | D        | Reached skill level 15 in Short Blades
   712 | D        | Reached XP level 11. HP: 32/62 MP: 12/12
   889 | D        | Noticed a 12-headed hydra
   891 | D        | Killed a 12-headed hydra
   892 | D        | Reached skill level 10 in Fighting
   999 | D        | Noticed a daeva
  1141 | D        | Noticed a fire giant
  1142 | D        | Noticed a fire giant
  1142 | D        | Noticed a fire giant
  1142 | D        | Noticed a fire giant
  1143 | D        | Killed a fire giant
  1145 | D        | Killed a fire giant
  1146 | D        | Reached skill level 1 in Invocations
  1147 | D        | Killed a fire giant
  1149 | D        | Killed a fire giant
  1162 | D        | Found the +4 dragonskin cloak
  1162 | D        | Noticed Tiamat
  1221 | D        | Noticed a deep elf annihilator
  1228 | D        | Reached skill level 1 in Spellcasting
  1228 | D        | Identified the ring of Renuaf {rF+ Str+6 Dex+2 SInv}
  1228 | D        | Noticed an oklob plant
  1228 | D        | Noticed a mummy priest
  1229 | D        | Killed a deep elf annihilator
  1235 | D        | Reached XP level 12. HP: 45/72 MP: 4/19
  1539 | D        | Reached skill level 5 in Spellcasting
  1540 | D        | Gained mutation: Your body sometimes deteriorates upon
                  | taking damage. [a shining eye]
  1544 | D        | Paralysed by a floating eye for 4 turns
  1550 | D        | Gained mutation: You are dopey. (Int -2) [a shining eye]
  1554 | D        | Reached skill level 10 in Dodging
  1581 | D        | Gained mutation: Your body often deteriorates upon taking
                  | damage. [a shining eye]
  1615 | D        | Found Qafaq's Assorted Antiques.
  1615 | D        | Found Deegec's Jewellery Shoppe.
  1615 | D        | Found Xidygg's Armour Boutique.
  1615 | D        | Found Innot's Weapon Emporium.
  1648 | D        | Bought the amulet "Qabiysu" {Reflect rF++ Str+3 SH+5} for
                  | 729 gold pieces
  1692 | D        | Banished a demonic crawler
  1720 | D        | Killed a demonic crawler
  1834 | D        | Killed a demonic crawler
  1970 | D        | Noticed a shadow dragon
  1971 | D        | Noticed a golden dragon
  1972 | D        | Found the amulet of Elemental Vulnerability {rPois rF--
                  | rC-- AC+8}
  1973 | D        | Killed a golden dragon
  1975 | D        | Killed a shadow dragon
  1976 | D        | Reached skill level 1 in Shields
  1976 | D        | Reached skill level 10 in Spellcasting
  2028 | D        | Identified the +10 spear "Orb Guardian's Peril" {freeze,
                  | Drain Will+++ rCorr MP-9}
  2050 | D        | Found Uxkok's General Store.
  2069 | D        | Bought a scroll of enchant weapon for 75 gold pieces
  2116 | D        | Noticed the 27-headed Lernaean hydra
  2147 | D        | Noticed a deep elf master archer
  2148 | D        | Killed the 27-headed Lernaean hydra
  2152 | D        | Killed a deep elf master archer
  2153 | D        | Reached XP level 13. HP: 67/78 MP: 19/29
  2167 | D        | Identified the staff of the Mashing Gods {rElec Will++
                  | Int+3 Air}
  2182 | D        | Identified the +3 spear of Wounding {freeze, Str+3}
  2220 | D        | Noticed Lom Lobon
  2247 | D        | Killed by an exploding ball lightning

Illustrated notes

Levels and vault maps discovered:
D:        dungeon_sprint_1 [red_sonja_temple_1, red_sonja_temple_small_1]

Skill      XL: |  1  2  3  4  5  6  7  8  9 10 11 12 |
---------------+-------------------------------------+-----
Fighting       | 2 3 4 5 6 9 12 13 | 13.7
Short Blades   | 3 4 5 6 7 8 11 15 19 21 | 21.1
Stealth        | 9 12 15 17 19 21 25 27 | 27.0
Dodging        | 4 6 8 9 13 | 13.7
Evocations     | 1 2 3 4 7 |  7.0
Invocations    | 2 4 |  4.6
Spellcasting   | 4 11 | 11.4
Shields        | 1 |  1.4
Throwing       | |  2.5

Action                     |  1- 3 |  4- 6 |  7- 9 | 10-12 | 13-15 || total
---------------------------+-------+-------+-------+-------+-------++-------
  Melee: Dagger            |     2 |     4 |     1 |       |       ||     7
         Short sword       |       |       |    14 |   159 |     6 ||   179
         Punch             |       |       |       |     3 |       ||     3
  Throw: Dart              |       |       |     4 |     2 |       ||     6
 Invoke: Shadow Step       |       |       |       |     8 |     1 ||     9
  Evoke: Wand              |     2 |       |     9 |     6 |       ||    17
    Use: Potion            |       |       |     2 |       |     4 ||     6
         Scroll            |       |       |       |     2 |     2 ||     4
   Stab: Sleeping          |     1 |     4 |     4 |    37 |     1 ||    47
         Paralysed         |     1 |       |     2 |       |       ||     3
         Distracted        |       |       |       |     1 |       ||     1
 Armour: Robe              |       |       |     9 |     4 |       ||    13
  Dodge: Dodged            |     2 |       |    28 |   101 |     1 ||   132
  Block: Other             |       |       |       |     7 |       ||     7

Table legend: (Time is in decaauts)
 A = Elapsed time spent in this place.
 B = Non-inter-level travel time spent in this place.
 C = Inter-level travel time spent in this place.
 D = Time resting spent in this place.
 E = Time spent auto-exploring this place.
 F = Levels seen in this place.
 G = Mean time per level.
                   A        B        C        D        E       F      G
               +--------+--------+--------+--------+--------+-----+--------+
         Total |   1735 |   1735 |      0 |    454 |    172 |   1 | 1735.0 |
       Dungeon |   1735 |   1735 |      0 |    454 |    172 |   1 | 1735.0 |
               +--------+--------+--------+--------+--------+-----+--------+

Top non-repeatable levels by time:
       D: 1735 daAuts
